MWL (24 & UNDER)
WISCONSIN RAPIDS RANGERS @ LEE'S SUMMIT TIGERS
06/01/2024
 
TOP OF THE 1ST
Wisconsin Rapids Rangers batting - Pitching for Lee's Summit Tigers : RHP Reid Mapstone
Pitching: RHP Reid Mapstone
Batting: RHB Troy Reed 0-0: Ball
1-0: SINGLE (Groundball, 4M)
Batting: LHB Alex Henderson 0-0: Ball
1-0: Ball
2-0: Called Strike
2-1: Called Strike
2-2: Fielders Choice at 2nd, 1-4 (Groundball, 13S)
Now at 2B: Sidney Ware
Batting: RHB Danny Campbell 0-0: Fielders Choice at 2nd, 5-4 (Groundball, 56)
Batting: RHB John Denton 0-0: Ball
1-0: Ball
2-0: Ball
3-0: Called Strike
3-1: Foul Ball, location: 2F
3-2: Foul Ball, location: 2F
3-2: Foul Ball, location: 2F
3-2: Base on Balls
Danny Campbell to second
Batting: RHB Dick Slagboom 0-0: Fielders Choice at 2nd, 5-4 (Groundball, 56)
Top of the 1st over - 0 run(s), 1 hit(s), 0 error(s), 1 left on base; Wisconsin Rapids 0 - Lee's Summit 0
BOTTOM OF THE 1ST
Lee's Summit Tigers batting - Pitching for Wisconsin Rapids Rangers : LHP Manuel Perea
Pitching: LHP Manuel Perea
Batting: SHB Juan Glaviz 0-0: Called Strike
0-1: Ball
1-1: SINGLE (Line Drive, 7S)
Batting: RHB Sidney Ware 0-0: Ball
1-0: Called Strike
1-1: Foul Ball, location: 2F
1-2: Foul Ball, location: 2F
1-2: Ball
2-2: Foul Ball, location: 2F
2-2: SINGLE (Line Drive, 7LS)
Juan Glaviz to second
Batting: RHB Carlos Flores 0-0: Ball
1-0: Ball
2-0: Foul Ball, location: 2F
2-1: Swinging Strike
2-2: Foul Ball, location: 2F
2-2: Ball
3-2: Base on Balls
Juan Glaviz to third
Sidney Ware to second
Batting: LHB Juan Hinojosa 0-0: Called Strike
0-1: Swinging Strike
0-2: Strikes out swinging
Batting: RHB Gilberto Ferrer 0-0: Called Strike
0-1: Swinging Strike
0-2: Foul Ball, location: 2F
0-2: Ball
1-2: Strikes out swinging
Batting: RHB Flint Todd 0-0: Ball
1-0: Fly out, F9 (Flyball, 9M)
Bottom of the 1st over - 0 run(s), 2 hit(s), 0 error(s), 3 left on base; Wisconsin Rapids 0 - Lee's Summit 0
TOP OF THE 2ND
Wisconsin Rapids Rangers batting - Pitching for Lee's Summit Tigers : RHP Reid Mapstone
Batting: RHB Vernon Romo 0-0: Called Strike
0-1: Foul Ball, location: 2F
0-2: Foul Ball, location: 2F
0-2: Ball
1-2: Foul Ball, location: 2F
1-2: Strikes out swinging
Batting: RHB Paul Richard 0-0: Bunt for hit - play at first, batter OUT! 3-4
Batting: RHB James Green 0-0: Ball
1-0: Ball
2-0: Ball
3-0: Called Strike
3-1: Swinging Strike
3-2: Strikes out looking
Top of the 2nd over - 0 run(s), 0 hit(s), 0 error(s), 0 left on base; Wisconsin Rapids 0 - Lee's Summit 0
BOTTOM OF THE 2ND
Lee's Summit Tigers batting - Pitching for Wisconsin Rapids Rangers : LHP Manuel Perea
Batting: RHB Michael Hall 0-0: Called Strike
0-1: Ball
1-1: Ball
2-1: Ball
3-1: Base on Balls
Batting: RHB Carlos Solís 0-0: Swinging Strike
0-1: Ball
1-1: Ball
2-1: Ball
3-1: Swinging Strike
3-2: 2-RUN HOME RUN (Flyball, 7LD), Distance : 315 ft
Batting: LHB José López 0-0: Ball
1-0: Called Strike
1-1: Swinging Strike
1-2: Strikes out looking
Batting: SHB Juan Glaviz 0-0: Called Strike
0-1: Ball
1-1: Foul Ball, location: 2F
1-2: Foul Ball, location: 2F
1-2: Ball
2-2: Fly out, F4 (Popup, 34)
Batting: RHB Sidney Ware 0-0: Called Strike
0-1: Ball
1-1: Ball
2-1: Swinging Strike
2-2: Ground out 6-3 (Groundball, 56D)
Bottom of the 2nd over - 2 run(s), 1 hit(s), 0 error(s), 0 left on base; Wisconsin Rapids 0 - Lee's Summit 2
TOP OF THE 3RD
Wisconsin Rapids Rangers batting - Pitching for Lee's Summit Tigers : RHP Reid Mapstone
Batting: RHB Robert Acosta 0-0: Called Strike
0-1: Swinging Strike
0-2: Ball
1-2: Foul Ball, location: 2F
1-2: Ball
2-2: Strikes out looking
Batting: RHB Troy Reed 0-0: Ball
1-0: Called Strike
1-1: Foul Ball, location: 2F
1-2: Strikes out swinging
Batting: LHB Alex Henderson 0-0: Ball
1-0: DOUBLE (Flyball, 7LD)
Batting: RHB Danny Campbell 0-0: Swinging Strike
0-1: Ball
1-1: Ball
2-1: Ball
3-1: SINGLE (Flyball, 9LM)
Alex Henderson to third
Runner from 3rd tries for Home, SAFE, no throw or cutoff
Batting: RHB John Denton 0-0: Ball
1-0: Foul Ball, location: 2F
1-1: Ball
2-1: Foul Ball, location: 2F
2-2: Foul Ball, location: 2F
2-2: Strikes out looking
Top of the 3rd over - 1 run(s), 2 hit(s), 0 error(s), 1 left on base; Wisconsin Rapids 1 - Lee's Summit 2
BOTTOM OF THE 3RD
Lee's Summit Tigers batting - Pitching for Wisconsin Rapids Rangers : LHP Manuel Perea
Batting: RHB Carlos Flores 0-0: Ball
1-0: Ball
2-0: Ball
3-0: Called Strike
3-1: Base on Balls
Batting: LHB Juan Hinojosa 0-0: Foul Ball, location: 2F
0-1: Ball
1-1: Ball
2-1: Ball
3-1: Fielders Choice at 2nd, 3-6 (Groundball, 3)
Batting: RHB Gilberto Ferrer 0-0: Ball
1-0: Ball
Juan Hinojosa steals 2nd base
2-0: Called Strike
2-1: Foul Ball, location: 2F
2-2: Foul Ball, location: 2F
2-2: Ball
3-2: Strikes out looking
Batting: RHB Flint Todd 0-0: Called Strike
0-1: Called Strike
0-2: Ball
1-2: Strikes out swinging
Bottom of the 3rd over - 0 run(s), 0 hit(s), 0 error(s), 1 left on base; Wisconsin Rapids 1 - Lee's Summit 2
TOP OF THE 4TH
Wisconsin Rapids Rangers batting - Pitching for Lee's Summit Tigers : RHP Reid Mapstone
Batting: RHB Dick Slagboom 0-0: Reached on error, E6 (Groundball, 6)
Batting: RHB Vernon Romo 0-0: Ball
1-0: Ball
2-0: Foul Ball, location: 2F
2-1: Ground out 5-3 (Groundball, 5L)
Batting: RHB Paul Richard 0-0: Ball
1-0: Foul Ball, location: 2F
1-1: Foul Ball, location: 2F
1-2: Foul Ball, location: 2F
1-2: Ball
2-2: Strikes out looking
Batting: RHB James Green 0-0: Called Strike
0-1: Ball
1-1: Ground out 6-3 (Groundball, 6)
Top of the 4th over - 0 run(s), 0 hit(s), 1 error(s), 1 left on base; Wisconsin Rapids 1 - Lee's Summit 2
BOTTOM OF THE 4TH
Lee's Summit Tigers batting - Pitching for Wisconsin Rapids Rangers : LHP Manuel Perea
Batting: RHB Michael Hall 0-0: Called Strike
0-1: SINGLE (Groundball, 6MD)
Batting: RHB Carlos Solís 0-0: Foul Ball, location: 2F
0-1: Ball
1-1: Ball
2-1: Reached on error, E5 (Groundball, 5S)
Michael Hall to second
Pitching: RHP Ben Messer
Batting: LHB José López 0-0: Called Strike
0-1: Foul Ball, location: 2F
0-2: Ball
1-2: Fly out, F3 (Popup, 34S)
Batting: SHB Juan Glaviz 0-0: Called Strike
0-1: Ball
1-1: Foul Ball, location: 2F
1-2: Ball
2-2: Strikes out looking
Batting: RHB Sidney Ware 0-0: Called Strike
0-1: Called Strike
0-2: Strikes out swinging
Bottom of the 4th over - 0 run(s), 1 hit(s), 1 error(s), 2 left on base; Wisconsin Rapids 1 - Lee's Summit 2
TOP OF THE 5TH
Wisconsin Rapids Rangers batting - Pitching for Lee's Summit Tigers : RHP Reid Mapstone
Batting: RHB Robert Acosta 0-0: Fly out, F8 (Flyball, 8RS)
Batting: RHB Troy Reed 0-0: Called Strike
0-1: Foul Ball, location: 2F
0-2: Ball
1-2: Foul Ball, location: 2F
1-2: Strikes out swinging
Batting: LHB Alex Henderson 0-0: Ball
1-0: Ball
2-0: Swinging Strike
2-1: Fly out, F7 (Flyball, 78M)
Top of the 5th over - 0 run(s), 0 hit(s), 0 error(s), 0 left on base; Wisconsin Rapids 1 - Lee's Summit 2
BOTTOM OF THE 5TH
Lee's Summit Tigers batting - Pitching for Wisconsin Rapids Rangers : RHP Ben Messer
Batting: RHB Carlos Flores 0-0: Foul Ball, location: 2F
0-1: Foul Ball, location: 2F
0-2: Ball
1-2: Strikes out looking
Batting: LHB Juan Hinojosa 0-0: Called Strike
0-1: Foul Ball, location: 2F
0-2: Ball
1-2: Strikes out looking
Batting: RHB Gilberto Ferrer 0-0: Swinging Strike
0-1: Foul Ball, location: 2F
0-2: Strikes out looking
Bottom of the 5th over - 0 run(s), 0 hit(s), 0 error(s), 0 left on base; Wisconsin Rapids 1 - Lee's Summit 2
TOP OF THE 6TH
Wisconsin Rapids Rangers batting - Pitching for Lee's Summit Tigers : RHP Reid Mapstone
Batting: RHB Danny Campbell 0-0: Ball
1-0: Ball
2-0: Swinging Strike
2-1: Foul Ball, location: 2F
2-2: Strikes out swinging
Batting: RHB John Denton 0-0: Swinging Strike
0-1: Ball
1-1: Ball
2-1: Called Strike
2-2: Ball
3-2: Strikes out swinging
Batting: RHB Dick Slagboom 0-0: Ball
1-0: Ball
2-0: Ball
3-0: Called Strike
3-1: Base on Balls
Pitching: RHP Juan Vázquez
Batting: RHB Vernon Romo 0-0: Called Strike
0-1: Swinging Strike
0-2: Ball
1-2: Ball
2-2: Strikes out swinging
Top of the 6th over - 0 run(s), 0 hit(s), 0 error(s), 1 left on base; Wisconsin Rapids 1 - Lee's Summit 2
BOTTOM OF THE 6TH
Lee's Summit Tigers batting - Pitching for Wisconsin Rapids Rangers : RHP Ben Messer
Batting: RHB Flint Todd 0-0: Ball
1-0: SINGLE (Line Drive, 3D)
Batting: RHB Michael Hall 0-0: Ball
1-0: Ball
2-0: Foul Ball, location: 2F
2-1: Swinging Strike
2-2: Foul Ball, location: 2F
2-2: Ball
3-2: Strikes out looking
Batting: RHB Carlos Solís 0-0: Ball
1-0: Called Strike
1-1: Ball
2-1: Ball
3-1: Base on Balls
Flint Todd to second
Batting: LHB José López 0-0: Called Strike
Flint Todd steals 3rd base
Carlos Solís to second
0-1: Called Strike
0-2: Strikes out looking
Batting: SHB Juan Glaviz 0-0: Foul Ball, location: 2F
0-1: Ball
1-1: Swinging Strike
1-2: Ball
2-2: Foul Ball, location: 2F
2-2: Ball
3-2: Strikes out looking
Bottom of the 6th over - 0 run(s), 1 hit(s), 0 error(s), 2 left on base; Wisconsin Rapids 1 - Lee's Summit 2
TOP OF THE 7TH
Wisconsin Rapids Rangers batting - Pitching for Lee's Summit Tigers : RHP Juan Vázquez
Batting: RHB Paul Richard 0-0: Called Strike
0-1: Called Strike
0-2: Ball
1-2: Strikes out swinging
Batting: RHB James Green 0-0: Swinging Strike
0-1: Ball
1-1: Foul Ball, location: 2F
1-2: Foul Ball, location: 2F
1-2: Strikes out swinging
Batting: RHB Robert Acosta 0-0: Ball
1-0: Foul Ball, location: 2F
1-1: Swinging Strike
1-2: Foul Ball, location: 2F
1-2: Foul Ball, location: 2F
1-2: Strikes out swinging
Top of the 7th over - 0 run(s), 0 hit(s), 0 error(s), 0 left on base; Wisconsin Rapids 1 - Lee's Summit 2
BOTTOM OF THE 7TH
Lee's Summit Tigers batting - Pitching for Wisconsin Rapids Rangers : RHP Ben Messer
Pitching: RHP Chuck Plummer
Batting: RHB Sidney Ware 0-0: SOLO HOME RUN (Flyball, 78XD), Distance : 370 ft
Batting: RHB Carlos Flores 0-0: Called Strike
0-1: Foul Ball, location: 2F
0-2: Ball
1-2: Foul Ball, location: 2F
1-2: Strikes out swinging
Batting: LHB Juan Hinojosa 0-0: Ball
1-0: Swinging Strike
1-1: Ground out 3-1 (Groundball, 34)
Batting: RHB Gilberto Ferrer 0-0: Ball
1-0: Called Strike
1-1: Foul Ball, location: 2F
1-2: Ball
2-2: Strikes out looking
Bottom of the 7th over - 1 run(s), 1 hit(s), 0 error(s), 0 left on base; Wisconsin Rapids 1 - Lee's Summit 3
TOP OF THE 8TH
Wisconsin Rapids Rangers batting - Pitching for Lee's Summit Tigers : RHP Juan Vázquez
Batting: RHB Troy Reed 0-0: Foul Ball, location: 2F
0-1: Ball
1-1: Foul Ball, location: 2F
1-2: Ball
2-2: Strikes out swinging
Batting: LHB Alex Henderson 0-0: Ball
1-0: Foul Ball, location: 2F
1-1: Swinging Strike
1-2: Ball
2-2: Strikes out swinging
Batting: RHB Danny Campbell 0-0: Ball
1-0: Foul Ball, location: 2F
1-1: Foul Ball, location: 2F
1-2: Ball
2-2: Foul Ball, location: 2F
2-2: Strikes out swinging
Top of the 8th over - 0 run(s), 0 hit(s), 0 error(s), 0 left on base; Wisconsin Rapids 1 - Lee's Summit 3
BOTTOM OF THE 8TH
Lee's Summit Tigers batting - Pitching for Wisconsin Rapids Rangers : RHP Chuck Plummer
Batting: RHB Flint Todd 0-0: Ball
1-0: Ground out 6-3 (Groundball, 6M)
Batting: RHB Michael Hall 0-0: Ball
1-0: Fly out, F9 (Flyball, 89S)
Batting: RHB Carlos Solís 0-0: Foul Ball, location: 2F
0-1: Ground out 1-3 (Groundball, 15)
Bottom of the 8th over - 0 run(s), 0 hit(s), 0 error(s), 0 left on base; Wisconsin Rapids 1 - Lee's Summit 3
TOP OF THE 9TH
Wisconsin Rapids Rangers batting - Pitching for Lee's Summit Tigers : RHP Juan Vázquez
Pitching: RHP Ángel Guzmán
Batting: RHB John Denton 0-0: Foul Ball, location: 2F
0-1: Foul Ball, location: 2F
0-2: Ball
1-2: Ball
2-2: Reached on error, E3 (Groundball, 3L)
Pinch Hitting: SHB Ricardo Arévalo 0-0: Ball
1-0: Swinging Strike
1-1: Called Strike
1-2: Ball
2-2: Ball
3-2: Strikes out swinging
John Denton steals 2nd base
Batter strikes out.
Batting: RHB Vernon Romo 0-0: TRIPLE (Line Drive, 5L)
John Denton scores
Pinch Hitting: SHB José López 0-0: Ball
1-0: Ball
2-0: Ball
3-0: Base on Balls
Batting: RHB James Green 0-0: Called Strike
0-1: Ball
1-1: Foul Ball, location: 2F
1-2: Ball
Wild Pitch!
Vernon Romo scores
José López to second
2-2: Foul Ball, location: 2F
2-2: SINGLE (Line Drive, 34)
José López to third
Runner from 3rd tries for Home, SAFE, no throw or cutoff
Pitching: RHP Jon England
Pinch Hitting: LHB Ramón Córdova 0-0: Called Strike
0-1: Called Strike
0-2: Strikes out swinging
Pinch Hitting: RHB Jesús Silva 0-0: Called Strike
0-1: Hit by Pitch
James Green to second
Batting: LHB Alex Henderson 0-0: Ball
1-0: Ground out 1-3 (Groundball, 23)
Top of the 9th over - 3 run(s), 2 hit(s), 1 error(s), 2 left on base; Wisconsin Rapids 4 - Lee's Summit 3
BOTTOM OF THE 9TH
Lee's Summit Tigers batting - Pitching for Wisconsin Rapids Rangers : RHP Chuck Plummer
Pitching: RHP Júlio Feliciano
Now at C: Jesús Silva
Now at 2B: Ricardo Arévalo
Now in LF: Ramón Córdova
Now in CF: José López
Pinch Hitting: LHB Alfredo Sánchez 0-0: Called Strike
0-1: Ball
1-1: Foul Ball, location: 2F
1-2: Ball
2-2: Strikes out looking
Batting: SHB Juan Glaviz 0-0: Ball
1-0: Ball
2-0: Swinging Strike
2-1: Ball
3-1: Called Strike
3-2: Strikes out looking
Batting: RHB Sidney Ware 0-0: Ball
1-0: Swinging Strike
1-1: Foul Ball, location: 2F
1-2: Foul Ball, location: 2F
1-2: Fly out, F5 (Line Drive, 56S)
Bottom of the 9th over - 0 run(s), 0 hit(s), 0 error(s), 0 left on base; Wisconsin Rapids 4 - Lee's Summit 3
This league is powered by Out of the Park Baseball, the baseball management simulation game for PC, Mac and Linux
Saturday, April 9th, 2016 - OOTP Baseball 16.8 Build 38